 Dungeon Crawl Stone Soup version 0.30.0-17-ge0270778cf (webtiles) character file.

Game seed: 4139500587768257833

13185 NateTC the Severer (level 11, -5/105 HPs)
             Began as a Minotaur Fighter on May 21, 2023.
             Was a Follower of Ashenzari.
             Slain by a skeletal warrior
             ... wielding a +0 glaive
              (16 damage)
             ... on level 11 of the Dungeon.
             The game lasted 00:15:18 (9596 turns).

NateTC the Severer (Minotaur Fighter)               Turns: 9596, Time: 00:15:18

Health: -5/105     AC: 28    Str: 31    XL:     11   Next: 72%
Magic:  10/10      EV:  6    Int:  5    God:    Ashenzari [*.....]
Gold:   518        SH:  4    Dex: 10    Spells: 10/10 levels left

rFire   + . .        a - +1 war axe (heavy)
rCold   + . .        c - +0 buckler
rNeg    + . .        z - +1 gold dragon scales "Gaze Upon Infinity" {rPois rF+ rC+, Fort, Range} (curse)
rPois   +            (helmet restricted)
rElec   .            m - +2 cloak {Stlth+}
rCorr   .            s - +2 pair of gloves of Ashenzari's Sorrow {Elem, Fort} (curse)
SInv    .            D - +0 pair of boots
Will    .....        u - amulet of the acrobat Stlth
                     q - +6 ring of strength
HPRegen 0.37/turn    k - ring of positive energy
MPRegen 0.12/turn

%: acrobat
@: no status effects
A: horns 2, retaliatory headbutt
a: Renounce Religion, Curse Item, Shatter the Chains


You were on level 11 of the Dungeon.
You worshipped Ashenzari.
Ashenzari was aware of your devotion.
You visited 2 branches of the dungeon, and saw 12 of its levels.

You collected 1558 gold pieces.
You spent 1040 gold pieces at shops.

Inventory:

Hand Weapons
 a - a +1 heavy war axe (weapon)
 b - a +0 morningstar
Missiles
 y - 2 throwing nets (quivered)
Armour
 c - a +0 buckler (worn)
 m - a +2 cloak of stealth (worn)
 s - the cursed +2 pair of gloves of Ashenzari's Sorrow (worn) {Elem, Fort}
   (You found it on level 4 of the Dungeon)

   It has a curse which improves the following skills: Elements: Fire Magic, Ice
   Magic, Air Magic and Earth Magic.
   Fortitude: Armour and Shields.
 z - the cursed +1 gold dragon scales "Gaze Upon Infinity" (worn) {rPois rF+ rC+, Fort, Range}
   (You bought it in a shop on level 7 of the Dungeon)

   rF:        It protects you from fire.
   rC:        It protects you from cold.
   rPois:     It protects you from poison.
   It has a curse which improves the following skills: Fortitude: Armour and
   Shields.
   Ranged Combat: Ranged Weapons and Throwing.
 D - a +0 pair of boots (worn)
Jewellery
 e - a ring of ice
 k - a ring of positive energy (right hand)
 q - a +6 ring of strength (left hand)
 u - an amulet of the acrobat (around neck)
 C - a ring of positive energy
 G - a ring of wizardry
Wands
 x - a wand of flame (24)
 F - a wand of roots (3)
Scrolls
 g - 2 scrolls of magic mapping
 j - a scroll of butterflies
 o - 6 scrolls of teleportation
 p - 4 scrolls of amnesia
Potions
 d - a potion of might
 f - 4 potions of brilliance
 h - 3 potions of ambrosia
 i - 5 potions of haste
 l - a potion of lignification
 n - 5 potions of mutation
 r - 2 potions of invisibility
 t - 2 potions of flight
 v - a potion of attraction
 w - 2 potions of magic


   Skills:
 * Level 12.5 Fighting
 - Level 16.0 Axes
 - Level 11.2(12.4) Armour
 - Level 3.6(4.7) Shields


You had 10 spell levels left.
You didn't know any spells.
Your spell library contained the following spells:

 Spells                   Type           Power      Damage    Failure   Level
 Beastly Appendage        Tmut           0%         N/A       100%        1
 Foxfire                  Conj/Fire      0%         2x1d4     100%        1
 Magic Dart               Conj           0%         1d3       100%        1
 Necrotise                Necr           0%         1d4       100%        1
 Sandblast                Erth           0%         2d4       100%        1
 Summon Small Mammal      Summ           0%         N/A       100%        1
 Call Imp                 Summ           0%         N/A       100%        2
 Passwall                 Tmut/Erth      0%         N/A       100%        2
 Wereblood                Tmut           0%         N/A       100%        2
 Call Canine Familiar     Summ           0%         N/A       100%        3
 Dazzling Flash           Conj/Hex       0%         N/A       100%        3
 Mephitic Cloud           Conj/Pois/Air  0%         N/A       100%        3
 Spider Form              Tmut/Pois      0%         N/A       100%        3
 Stone Arrow              Conj/Erth      0%         3d7       100%        3
 Summon Guardian Golem    Hex/Summ       0%         N/A       100%        3
 Vampiric Draining        Necr           0%         2d6       100%        3
 Volatile Blastmotes      Fire/Tloc      0%         2d10      100%        3
 Iskenderun's Mystic Bla  Conj/Tloc      0%         2d3       100%        4
 Agony                    Necr           0%         N/A       100%        5
 Fireball                 Conj/Fire      0%         3d3       100%        5
 Silence                  Hex/Air        0%         N/A       100%        5
 Plasma Beam              Fire/Air       0%         2x1d11    100%        6
 Starburst                Conj/Fire      0%         6d3       100%        6


Dungeon Overview and Level Annotations

Branches:
Dungeon (11/15) Zot: 26832  Temple (1/1) D:4 Zot: 5941     Orc (0/2) D:9
   Lair: D:8-11

Altars:
Ashenzari
Cheibriados
Dithmenos
Elyvilon
Fedhas
Gozag
Hepliaklqana
Kikubaaqudgha
Makhleb
Nemelex Xobeh
Okawaru
Qazlal
Ru
Sif Muna
Trog
Uskayaw
Vehumet
Wu Jian
Xom
Yredelemnul
Zin
The Shining One
Lugonu

Shops:
D:2 (   D:3 [   D:4 (   D:7 [   D:8 !

Annotations:
D:7 2 transporters, Grum; Pooter's ghost, novice MiBe
D:8 2 transporters


Innate Abilities, Weirdness & Mutations

You have a pair of horns on your head.
You reflexively headbutt those who attack you in melee.


Message History

You completely miss the skeletal warrior.
You headbutt the skeletal warrior.
The skeletal warrior is heavily damaged.
The skeletal warrior hits you but does no damage.
You closely miss the skeletal warrior.
Your headbutt misses the skeletal warrior.
The skeletal warrior is heavily damaged.
The skeletal warrior hits you with a +0 glaive!
* * * LOW HITPOINT WARNING * * *
You feel better.
The skeletal warrior hits you with a +0 glaive!
* * * LOW HITPOINT WARNING * * *
You feel better.
The skeletal warrior hits you but does no damage.
You barely miss the skeletal warrior. You headbutt the skeletal warrior.
The skeletal warrior is heavily damaged.
The skeletal warrior hits you but does no damage.
You hit the skeletal warrior.
You headbutt the skeletal warrior, but do no damage.
The skeletal warrior is severely damaged.
The skeletal warrior hits you but does no damage.
You closely miss the skeletal warrior.
Your headbutt misses the skeletal warrior.
The skeletal warrior is severely damaged.
The skeletal warrior hits you with a +0 glaive.
* * * LOW HITPOINT WARNING * * *
You completely miss the skeletal warrior.
Your headbutt misses the skeletal warrior.
The skeletal warrior is severely damaged.
You block the skeletal warrior's attack.
You slash the skeletal warrior!
You headbutt the skeletal warrior, but do no damage.
The skeletal warrior is almost destroyed.
The skeletal warrior hits you with a +0 glaive!
* * * LOW HITPOINT WARNING * * *
You hit the skeletal warrior but do no damage.
You headbutt the skeletal warrior.
The skeletal warrior is almost destroyed.
The skeletal warrior hits you with a +0 glaive!
You die...

###.....### ..#.....#
..#.....# ..#.....#
..#.....# ..'.....#
####+### ..#.....#
.....[#
#+#.....########z....#
........#.....##@....#
........#......).....#
........#............+
........'............#
........########...###
...............#...#
...............#...+
...............#...#
............... ...#


You could see a skeletal warrior.

Vanquished Creatures
  A hydra (D:10)
  3 two-headed ogres
  3 skeletal warriors
  Psyche (D:9)
  An efreet (D:10)
  A spectral unseen horror (D:9)
  A tengu conjurer (D:8)
  A troll (D:10)
  A slime creature (D:7)
  Eustachio (D:5)
  4 wraiths
  7 yaks
  A steam dragon (D:8)
  Menkaure (D:6)
  An acid dragon (D:10)
  A water moccasin (D:6)
  Duvessa (D:7)
  A black bear (D:6)
  2 ice beasts
  7 orc warriors
  2 ogres
  3 centaurs
  2 phantoms
  4 kobold brigands
  5 bullfrogs
  A gnoll sergeant (D:9)
  3 necrophages (D:9)
  A scorpion (D:6)
  18 wights
  Dowan (D:7)
  12 killer bees
  A howler monkey (D:4)
  A spectral centaur (D:9)
  3 centaur zombies (D:9)
  4 hounds
  A human zombie (D:9)
  Crazy Yiuf (D:2)
  2 jellies
  5 orc priests
  2 gnoll boudas
  2 sleepcaps
  5 iguanas
  Natasha (thrice) (D:2)
  13 orc wizards
  A centaur simulacrum (D:9)
  2 mummies (D:9)
  A spectral howler monkey (D:9)
  16 gnolls
  13 adders
  4 shadow imps (D:7)
  5 white imps
  5 ufetubi
  3 worms (D:2)
  A dart slug (D:2)
  38 orcs
  5 endoplasms
  2 giant cockroaches
  6 goblins
  9 hobgoblins
  5 jackals
  42 kobolds
  4 quokkas
  7 ball pythons
  4 bats
  4 frilled lizards
  8 rats
320 creatures vanquished.

Notes
Turn   | Place    | Note
-------+----------+-------------------------------------------
     0 | D:1      | NateTC the Minotaur Fighter began the quest for the Orb.
     0 | D:1      | Reached XP level 1. HP: 19/19 MP: 0/0
   219 | D:1      | Reached skill level 3 in Axes
   219 | D:1      | Reached XP level 2. HP: 27/27 MP: 1/1
   264 | D:1      | Reached XP level 3. HP: 29/34 MP: 2/2
   625 | D:2      | Found Qiangeyhei's Antique Weapon Shoppe.
   788 | D:2      | Reached skill level 4 in Axes
   823 | D:2      | Reached skill level 5 in Fighting
   823 | D:2      | Reached XP level 4. HP: 42/42 MP: 3/3
   847 | D:2      | Found a faded altar of an unknown god.
   987 | D:2      | Noticed Natasha
   990 | D:2      | Killed Natasha
  1105 | D:2      | Reached XP level 5. HP: 48/48 MP: 4/4
  1160 | D:2      | Noticed Natasha
  1172 | D:2      | Killed Natasha
  1339 | D:2      | Noticed Natasha
  1347 | D:2      | Killed Natasha
  1348 | D:2      | Reached skill level 5 in Axes
  1379 | D:2      | Found a runed translucent door.
  1380 | D:2      | Noticed Crazy Yiuf
  1630 | D:2      | Killed Crazy Yiuf
  1869 | D:3      | Found Negguace's Antique Armour Boutique.
  2097 | D:3      | Reached XP level 6. HP: 57/57 MP: 5/5
  2194 | D:3      | Found an iron altar of Okawaru.
  2457 | D:4      | Reached skill level 6 in Axes
  2712 | D:4      | Reached XP level 7. HP: 45/66 MP: 6/6
  2864 | D:4      | Reached skill level 7 in Axes
  3197 | D:4      | Reached skill level 8 in Axes
  3362 | D:4      | Found Gokiol's Antique Weapon Shop.
  3363 | D:4      | Found a staircase to the Ecumenical Temple.
  3379 | Temple   | Entered the Ecumenical Temple
  3422 | Temple   | Became a worshipper of Ashenzari the Shackled
  3530 | D:5      | Entered Level 5 of the Dungeon
  3534 | D:5      | Reached XP level 8. HP: 75/75 MP: 7/7
  3709 | D:5      | Noticed Eustachio
  3727 | D:5      | Reached skill level 9 in Axes
  3735 | D:5      | Killed Eustachio
  4024 | D:6      | Reached skill level 10 in Axes
  4325 | D:6      | Noticed Menkaure
  4332 | D:6      | Killed Menkaure
  4333 | D:6      | Reached skill level 11 in Axes
  4725 | D:6      | Identified a scroll of acquirement
  4725 | D:6      | Acquired 789 gold pieces
  4733 | D:7      | Found a glowing silver altar of Zin.
  4741 | D:7      | Reached XP level 9. HP: 51/82 MP: 8/8
  4873 | D:7      | Reached skill level 5 in Armour
  4877 | D:7      | Noticed Grum
  5150 | D:7      | Found a shimmering blue altar of Sif Muna.
  5174 | D:7      | Found a snail-covered altar of Cheibriados.
  5339 | D:7      | Found a shimmering altar of Xom.
  5391 | D:7      | Found a hazy altar of Hepliaklqana.
  5591 | D:7      | Identified the ring of Ofolohets {rElec rN+ Will- SInv}
  5595 | D:7      | Noticed Duvessa
  5596 | D:7      | Noticed Pooter's ghost (novice MiBe)
  5598 | D:7      | Noticed Dowan
  5600 | D:7      | Killed Duvessa
  5608 | D:7      | Killed Dowan
  5641 | D:7      | Found a transporter.
  5647 | D:7      | Found a transporter.
  5727 | D:7      | Found El's Dragon-Slaying Spoils.
  5734 | D:7      | Bought +0 gold dragon scales for 1040 gold pieces
  6155 | D:8      | Found Kisude's Distillery.
  6212 | D:8      | Found a transporter.
  6214 | D:8      | Found a corrupted altar of Lugonu.
  6214 | D:8      | Noticed a red ugly thing
  6215 | D:8      | Noticed a cyan ugly thing
  6316 | D:8      | Found an ornate altar of the Wu Jian Council.
  6343 | D:8      | Found an opulent altar of Gozag.
  6468 | D:8      | Reached skill level 10 in Armour
  6563 | D:8      | Reached XP level 10. HP: 90/90 MP: 9/9
  6632 | D:8      | Found the sphere of Battle
  6664 | D:8      | Found a transporter.
  6837 | D:9      | Reached skill level 12 in Axes
  6886 | D:9      | Found a staircase to the Orcish Mines.
  6997 | D:9      | Noticed a two-headed ogre
  7000 | D:9      | Killed a two-headed ogre
  7008 | D:9      | Reached skill level 13 in Axes
  7025 | D:9      | HP: 3/88 [wight/+4 halberd (10)]
  7265 | D:9      | Found an ancient bone altar of Kikubaaqudgha.
  7409 | D:9      | Reached skill level 14 in Axes
  7522 | D:9      | Noticed a skeletal warrior
  7532 | D:9      | Killed a skeletal warrior
  7538 | D:9      | Reached skill level 15 in Axes
  7650 | D:9      | Identified the +1 dagger of the Evening {pain, rPois rN+++
                  | Dex-3 Stlth+}
  7802 | D:9      | Noticed a two-headed ogre
  7812 | D:9      | Killed a two-headed ogre
  7813 | D:9      | Reached XP level 11. HP: 80/95 MP: 10/10
  8023 | D:9      | Noticed Psyche
  8030 | D:9      | Killed Psyche
  8489 | D:10     | Entered Level 10 of the Dungeon
  8500 | D:10     | Noticed a seven-headed hydra
  8514 | D:10     | Killed a seven-headed hydra
  8515 | D:10     | Reached skill level 16 in Axes
  8764 | D:10     | Reached skill level 10 in Fighting
  8943 | D:10     | Reached * piety under Ashenzari
  9075 | D:10     | Found a burning altar of Makhleb.
  9220 | D:10     | Noticed a two-headed ogre
  9227 | D:10     | Killed a two-headed ogre
  9558 | D:11     | Noticed a skeletal warrior
  9564 | D:11     | Noticed a skeletal warrior
  9570 | D:11     | Killed a skeletal warrior
  9571 | D:11     | Noticed a skeletal warrior
  9579 | D:11     | Killed a skeletal warrior
  9585 | D:11     | HP: 1/105 [skeletal warrior/+0 glaive (13)]
  9596 | D:11     | Slain by a skeletal warrior

Illustrated notes

Levels and vault maps discovered:
D:1:      sevenhm_arrival_forest_fort_small_5, layout_rooms,
          nicolae_grassy_gnolls
D:2:      layout_loops_ring, serial_shops, nicolae_square_shop,
          basic_ecumenical_altar, uniq_crazy_yiuf_cottage, uniq_natasha
D:3:      layout_basic, okawaru_altar_gauntlet_db, serial_bayou,
          serial_bayou_lagoon_b, serial_bayou_shore_a, serial_bayou_pond_c,
          serial_bayou_ford_a, serial_bayou_shore_b, serial_shops, shop
D:4:      layout_basic, minmay_temple_entry_offerings, serial_shops, shop,
          minmay_joined_circles
D:5:      layout_rooms, minmay_gold_behind_fungi, uniq_eustachio
D:6:      layout_loops_cross, hangedman_decor_peaks_small, minmay_misc_feat_x,
          uniq_menkaure
D:7:      layout_basic, mainiacjoe_overflow_concentric_impassable,
          mainiacjoe_overflow_catch_the_wave, serial_demonic, serial_demonic_e,
          serial_demonic_a, serial_demonic_e, serial_demonic_g,
          gammafunk_ghost_gnarly_gnolls, abandoned_shop,
          hangedman_feature_mirror, kennysheep_path_1,
          nicolae_shop_dragon_depot, uniq_duvessa
D:8:      gammafunk_corrupted_shrine, layout_basic,
          nicolae_wu_jian_wuxing_cycle, nicolae_gozag_seed_capital,
          serial_shops, nicolae_shop_rolling_square, hangedman_decor_lopped,
          chequers_serial_rivers_large_a,
          hellmonk_guarded_unrand_sphere_of_battle
D:9:      kennysheep_kobold_camp, layout_loops_ring,
          lemuel_mausoleum_altar_kikubaaqudgha, minmay_orc_entry_temple_small,
          dilly_guarded_unrand_morg, uniq_psyche
D:10:     layout_rooms, mainiacjoe_overflow_alcove_4, nicolae_hexahallways,
          minmay_bent
D:11:     layout_gridville, lair_entry_dummy
Temple:   nicolae_temple_ecumenical_triangle

Skill      XL: |  1  2  3  4  5  6  7  8  9 10 11 |
---------------+----------------------------------+-----
Fighting       | 4 5 6 7 8 12 | 12.5
Axes           | 3 4 5 6 8 11 15 16 | 16.0
Armour         | 10 11 | 11.2
Shields        | |  3.6

Action                     |  1- 3 |  4- 6 |  7- 9 | 10-12 || total
---------------------------+-------+-------+-------+-------++-------
  Melee: War axe           |    67 |   131 |   224 |   233 ||   655
         Headbutt          |     5 |    22 |    44 |    44 ||   115
         Morningstar       |       |       |       |     8 ||     8
 Invoke: Curse Item        |       |       |     1 |     1 ||     2
    Use: Scroll            |     2 |     8 |    15 |     3 ||    28
         Potion            |       |       |       |     5 ||     5
 Armour: Scale mail        |    28 |       |       |       ||    28
         Plate armour      |    17 |    79 |    95 |       ||   191
         Gold dragon scale |       |       |    36 |   239 ||   275
  Dodge: Dodged            |    22 |    42 |    99 |   118 ||   281
  Block: Buckler           |    18 |    28 |    51 |    59 ||   156
